 Dungeon Crawl Stone Soup version 0.29.1-2-gbd0b4ee654 (webtiles) character file.

Game seed: 4713767911709040477

46 cdecastro the Firebug (level 3, -4/31 HPs)
             Began as an Ogre Fire Elementalist on Nov 13, 2022.
             Slain by Crazy Yiuf
             ... wielding a +4 quarterstaff of chaos
              (12 damage)
             ... on level 2 of the Dungeon.
             The game lasted 00:03:51 (2813 turns).

cdecastro the Firebug (Ogre Fire Elementalist)      Turns: 2813, Time: 00:03:51

Health: -4/31      AC:  3    Str: 12    XL:     3   Next: 66%
Magic:  0/6        EV: 10    Int: 18    God:
Gold:   87         SH:  0    Dex: 15    Spells: 0/6 levels left

rFire   + . .      SeeInvis .   g - staff of fire
rCold   . . .      Faith    .   (no shield)
rNeg    . . .      Spirit   .   a - +0 robe
rPois   .          Reflect  .   (helmet restricted)
rElec   .          Harm     .   (no cloak)
rCorr   .          Rampage  .   (gloves unavailable)
Will    .....                   (boots unavailable)
Stlth   ++........              (no amulet)
HPRegen 0.10/turn               j - +6 ring of dexterity
MPRegen 0.10/turn               (no ring)

@: very slightly contaminated
A: large, unfitting armour, tough skin 1
a: no special abilities


You were on level 2 of the Dungeon.
You visited 1 branch of the dungeon, and saw 2 of its levels.

You collected 87 gold pieces.

Inventory:

Hand Weapons
 c - a +0 club
Missiles
 f - 2 atropa-tipped darts
Armour
 a - a +0 robe (worn)
Magical Staves
 g - a staff of fire (weapon)
Jewellery
 j - a +6 ring of dexterity (left hand)
Scrolls
 d - a scroll of vulnerability {unknown}
 e - a scroll of fear {unknown}
 i - a scroll of identify {unknown}
 l - a scroll of noise {unknown}
 n - a scroll of teleportation {unknown}
Potions
 b - a potion of magic
 h - a potion of curing {unknown}
 k - a potion of invisibility {unknown}
 m - a potion of haste {unknown}


   Skills:
 - Level 1.7 Dodging
 - Level 1.4 Stealth
 - Level 2.4 Spellcasting
 + Level 1.3 Conjurations
 - Level 4.0 Fire Magic


You couldn't memorise any spells.
You knew the following spells:

 Your Spells              Type           Power      Damage    Failure   Level
a - Foxfire               Conj/Fire      68%        2x1d7     6%          1
b - Scorch                Fire           48%        2d7       4%          2
c - Conjure Flame         Conj/Fire      17%        6-21      17%         3

Your spell library contained the following spells:

 Spells                   Type           Power      Damage    Failure   Level
 Inner Flame              Hex/Fire       14%        N/A       22%         3
 Poisonous Vapours        Pois/Air       4%         N/A       26%         2
 Flame Wave               Conj/Fire      17%        2d7       50%         4
 Corpse Rot               Necr/Pois/Air  2%         N/A       86%         4


Dungeon Overview and Level Annotations

Branches:
Dungeon (2/15)

Altars:

Annotations:
D:2 Crazy Yiuf


Innate Abilities, Weirdness & Mutations

You are too large for most types of armour.
You have tough skin. (AC +1)


Message History

You can't see any susceptible monsters within range! (Use Z to cast anyway.)
There is an open translucent door here.
Casting: Scorch (safe; 4% risk of failure)
Confirm with . or Enter, or press ? or * to list all spells.
You feel a surge of power!
Flames lash Crazy Yiuf.
Crazy Yiuf shouts!
Crazy Yiuf is moderately wounded.
Crazy Yiuf's fire resistance burns away.
Crazy Yiuf screams, "Tonal canine return to song!"
Casting: Scorch (safe; 4% risk of failure)
Confirm with . or Enter, or press ? or * to list all spells.
You feel a surge of power!
You miscast Scorch.
You are very lightly contaminated with residual magic.
Nothing appears to happen.
Unknown command.
Casting: Scorch (safe; 4% risk of failure)
Confirm with . or Enter, or press ? or * to list all spells.
You feel a surge of power!
Flames lash Crazy Yiuf.
Crazy Yiuf is burned terribly!
Crazy Yiuf is almost dead.
Crazy Yiuf closely misses you.
Unknown command.
You barely miss Crazy Yiuf.
Crazy Yiuf is almost dead.
Crazy Yiuf says, "Two alas alas!"
Crazy Yiuf hits you with a +4 quarterstaff of chaos!
You barely miss Crazy Yiuf.
Crazy Yiuf is almost dead.
Crazy Yiuf hits you with a +4 quarterstaff of chaos!
* * * LOW HITPOINT WARNING * * *
Crazy Yiuf freezes you.
* * * LOW HITPOINT WARNING * * *
You hit Crazy Yiuf but do no damage.
Crazy Yiuf is almost dead.
Crazy Yiuf closely misses you.
You hit Crazy Yiuf but do no damage.
Crazy Yiuf is almost dead.
Crazy Yiuf grits, "Seed!"
Crazy Yiuf hits you with a +4 quarterstaff of chaos!
You die...

#..#..##.###...###.##.##.#
#.###..#.##.....##.##.##.#
#..############..#.##.#..#
##..# #....##....# ##...#
##### #........... ##....#
#..)# #..........# #.###.#
#...# #..######.## #.# #.#
#.g.# #.## #.# #.###.# #@#
### #.# ##...## ##.# #.#
##.## #.## #.# #.# ##.#
#.# #.### #.## ### #.#
#...# ##.## #.# #.# #####
#..P## #.# #># #P.PP#
#.#######.# ##..##
#.........#


You could see Crazy Yiuf (combustible).

Vanquished Creatures
  A worm (D:2)
  3 dart slugs (D:1)
  A ball python (D:2)
  2 endoplasms (D:1)
  3 giant cockroaches
  A goblin (D:1)
  5 hobgoblins
  6 jackals (D:2)
  A kobold (D:1)
  3 bats (D:1)
  A frilled lizard (D:1)
  6 rats
33 creatures vanquished.

Vanquished Creatures (others)
  24 foxfires
  2 fungi (D:2)
26 creatures vanquished.

Grand Total: 59 creatures vanquished

Notes
Turn   | Place    | Note
-------+----------+-------------------------------------------
     0 | D:1      | cdecastro the Ogre Fire Elementalist began the quest for
                  | the Orb.
     0 | D:1      | Reached XP level 1. HP: 16/16 MP: 3/3
    94 | D:1      | Reached skill level 3 in Fire Magic
   285 | D:1      | Reached XP level 2. HP: 24/24 MP: 5/5
   842 | D:1      | Reached XP level 3. HP: 31/31 MP: 3/6
  1025 | D:1      | Learned a level 2 spell: Scorch
  1029 | D:1      | Learned a level 3 spell: Conjure Flame
  1703 | D:2      | Reached skill level 4 in Fire Magic
  1810 | D:2      | Found a faded altar of an unknown god.
  1970 | D:2      | Reached skill level 1 in Conjurations
  2801 | D:2      | Found a runed translucent door.
  2802 | D:2      | Noticed Crazy Yiuf
  2813 | D:2      | Slain by Crazy Yiuf

Illustrated notes

Levels and vault maps discovered:
D:1:      elethiomel_arrival_diamonds, layout_basic, feat_on_display
D:2:      layout_loops_corners, nicolae_ecumenical_lake_church,
          uniq_crazy_yiuf_cottage

Skill      XL: |  1  2  3 |
---------------+----------+-----
Fire Magic     | 3 4 |  4.0
Conjurations   | 1 |  1.3
Dodging        | |  1.7
Stealth        | |  1.4
Spellcasting   | |  2.4

Action                   || total
-------------------------++-------
Melee: Unarmed           ||    23
       Club              ||    26
       Staff             ||    61
 Cast: Foxfire           ||    14
       Scorch            ||    13
Armor: Robe              ||    32
Dodge: Dodged            ||    45
